 Dungeon Crawl Stone Soup version 0.25-a0-166-g16436c4407 (webtiles) character file.

Game seed: 12478772681926506434, levelgen mode: deterministic

27 Leeroy the Conjurer (level 2, -4/20 HPs)
             Began as a Draconian Conjurer on Nov 23, 2019.
             Slain by a black bear (7 damage)
             ... on level 2 of the Dungeon.
             The game lasted 00:01:52 (1590 turns).

Leeroy the Conjurer (Draconian Conjurer)            Turns: 1590, Time: 00:01:53

Health: -4/20      AC:  4    Str: 10    XL:     2   Next: 93%
Magic:  0/5        EV: 12    Int: 15    God:
Gold:   29         SH:  0    Dex: 11    Spells: 2/5 levels left

rFire    . . .     SeeInvis .   k - +0 dagger
rCold    . . .     Gourm    .   (no shield)
rNeg     . . .     Faith    .   (armour unavailable)
rPois    .         Spirit   .   (helmet restricted)
rElec    .         Reflect  .   (no cloak)
rCorr    .         Harm     .   (no gloves)
MR       .....                  (no boots)
Stlth    ++........             (no amulet)
HPRegen  0.06/turn              (no ring)
MPRegen  0.09/turn              (no ring)

@: no status effects
A: unfitting armour, cold-blooded, AC +4
a: no special abilities


You were on level 2 of the Dungeon.
You were not hungry.

You visited 1 branch of the dungeon, and saw 2 of its levels.

You collected 29 gold pieces.

Inventory:

Hand Weapons
 e - a +0 hand axe
 k - a +0 dagger (weapon)
Jewellery
 i - a +3 ring of evasion {unknown}
Scrolls
 a - 2 scrolls of identify {unknown}
 g - a scroll of blinking {unknown}
Potions
 c - a potion of haste {unknown}
 d - a potion of lignification {unknown}
 f - a potion of mutation {unknown}
 h - a potion of curing {unknown}
 j - a potion of degeneration {unknown}
Comestibles
 b - 2 rations


   Skills:
 - Level 1.7 Dodging
 - Level 1.7 Stealth
 - Level 2.0 Spellcasting
 + Level 5.0 Conjurations


You had 2 spell levels left.
You knew the following spells:

 Your Spells              Type           Power        Failure   Level  Hunger
a - Magic Dart            Conj           ###.         2%          1    #......
b - Searing Ray           Conj           ###...       4%          2    ###....

Your spell library contained the following spells:

 Spells                   Type           Power        Failure   Level  Hunger
 Dazzling Spray           Conj/Hex       #.....       24%         3    ###....
 Iskenderun's Mystic Bla  Conj           ###.....     28%         4    #####..
 Force Lance              Conj/Tloc      #.......     61%         4    #####..
 Fulminant Prism          Conj/Hex       #.........   61%         4    #####..


Dungeon Overview and Level Annotations

Branches:
Dungeon (2/15)

Altars:


Innate Abilities, Weirdness & Mutations

Your plain brown scales are hard. (AC +4)
You cannot fit into any form of body armour.
You are cold-blooded and may be slowed by cold attacks.


Message History

The black bear is moderately wounded.
The black bear bites you. The black bear closely misses you.
The black bear barely misses you.
The searing ray hits the black bear!
The black bear is severely wounded.
The black bear goes berserk!
The searing ray hits the black bear!
The black bear is almost dead.
You finish channeling your searing ray.
The black bear closely misses you. The black bear completely misses you.
The black bear barely misses you.
You closely miss the black bear.
The black bear is almost dead.
The black bear closely misses you. The black bear claws you.
* * * LOW HITPOINT WARNING * * *
The black bear barely misses you. x2; The black bear claws you.
* * * LOW HITPOINT WARNING * * *
The black bear closely misses you.
You hear a shout!
The black bear bites you!
You die...

#.# b. #.# .g
#.###.###
###........
#..........
#†#.......#
#.#h...####
#h#.####
##########@#..
#..........#..
##.######.##...
#.# #.##.## #.#
#.##.# #.# #.#
#.# #.# #.# #.#
#.# #..


You could see a black bear (berserk).

Vanquished Creatures
  A dart slug (D:1)
  2 giant cockroaches (D:1)
  3 goblins
  A hobgoblin (D:1)
  9 jackals (D:1)
  A ball python (D:1)
  A frilled lizard (D:1)
  3 rats
21 creatures vanquished.

Notes
Turn   | Place    | Note
-------+----------+-------------------------------------------
     0 | D:1      | Leeroy the Draconian Conjurer began the quest for the Orb.
     0 | D:1      | Reached XP level 1. HP: 14/14 MP: 3/3
   245 | D:1      | Reached XP level 2. HP: 6/20 MP: 5/5
   259 | D:1      | Learned a level 2 spell: Searing Ray
  1577 | D:2      | Noticed a black bear
  1583 | D:2      | Reached skill level 5 in Conjurations
  1590 | D:2      | Slain by a black bear

Levels and vault maps discovered:
D:1:      nzn_arrival_crosshair, layout_basic
D:2:      minmay_recursive_quarters, layout_basic, zin_purify, marbit_many_paths

Skill      XL: |  1  2 |
---------------+-------+-----
Conjurations   | 5 |  5.0
Dodging        | |  1.7
Stealth        | |  1.7
Spellcasting   | |  2.0

Action                   || total
-------------------------++-------
Melee: Hand axe          ||    65
       Unarmed           ||     3
       Tailslap          ||     7
       Dagger            ||     4
 Cast: Magic Dart        ||     9
       Searing Ray       ||     2
 Stab: Sleeping          ||     5
  Eat: Chunk             ||     2
Armor: Skin              ||    45
Dodge: Dodged            ||    87

Table legend:
 A = Non-vault XP
 B = Vault XP
 C = Vault XP percentage of total XP
 D = Non-vault monster count
 E = Vault monster count
 F = Vault count percentage of total count
                 A         B        C        D         E       F
            +---------+---------+-------+---------+---------+-------
      Total |      39 |       0 |   0.0 |      21 |       0 |   0.0
            +---------+---------+-------+---------+---------+-------
        D:1 |      36 |       0 |   0.0 |      19 |       0 |   0.0
        D:2 |       3 |       0 |   0.0 |       2 |       0 |   0.0
            +---------+---------+-------+---------+---------+-------
